 Dungeon Crawl Stone Soup version 0.18-a0-738-g888b110 (webtiles) character file.

4417 Arkorax the Fighter (level 10, 0/119 HPs)
             Began as an Ogre Wanderer on Dec 11, 2015.
             Was a Follower of Ru.
             Succumbed to a killer bee's poison
             ... on level 8 of the Dungeon.
             The game lasted 00:14:49 (11111 turns).

Arkorax the Fighter (Ogre Wanderer)                Turns: 11111, Time: 00:14:49

Health: 0/119      AC:  4    Str: 19    XL:     10   Next: 36%
Magic:  10/10      EV: 11    Int:  7    God:    Ru [*.....]
Gold:   448        SH:  0    Dex: 16    Spells: 0 memorised, 9 levels left

rFire  . . .     SeeInvis .     K - +3 quarterstaff (chaos)
rCold  . . .     Clarity  .     a - +0 robe
rNeg   + . .     SustAt   .     (shield currently unavailable)
rPois  .         Gourm    .     (helmet restricted)
rElec  .         Spirit   .     A - +0 cloak
rCorr  .         Dismiss  .     (gloves unavailable)
rMut   .         Stasis   .     (boots unavailable)
MR     +....                    (no amulet)
Stlth  ++........               (no ring)
                                j - ring of positive energy

@: lethally poisoned (0 -> -11), somewhat resistant to hostile enchantments,
unstealthy
A: unfitting armour, tough skin 1, hated by all
a: Renounce Religion


You were on level 8 of the Dungeon.
You worshipped Ru.
Ru was aware of your devotion.
You were hungry.

You visited 2 branches of the dungeon, and saw 9 of its levels.

You collected 448 gold pieces.

Inventory:

Hand Weapons
 r - a +0 blowgun
 w - a +1 dagger of chaos
 x - a +1 whip of flaming
 C - a +1 mace of holy wrath
 K - a +3 quarterstaff of chaos (weapon)
Missiles
 b - 2 throwing nets (quivered)
 s - 34 poisoned needles
 N - 7 needles of confusion
Armour
 a - a +0 robe (worn)
 c - a +0 robe
 A - a +0 cloak (worn)
Jewellery
 j - a ring of positive energy (left hand)
 E - an uncursed ring of ice
Wands
 d - a wand of random effects (15)
 e - a wand of random effects (36)
 B - a wand of confusion (20)
 F - a wand of paralysis (11)
 I - a wand of slowing (24)
 L - a wand of enslavement (6)
 O - a wand of lightning (0)
 P - a wand of lightning (10)
Scrolls
 g - 3 scrolls of teleportation {unknown}
 k - 2 scrolls of enchant armour {unknown}
 l - 2 scrolls of amnesia {unknown}
 m - a scroll of blinking {unknown}
 n - a scroll of recharging {unknown}
 p - a scroll of fog {unknown}
 q - 3 scrolls of enchant weapon {unknown}
 u - 3 scrolls of remove curse {unknown}
 y - a scroll of random uselessness {unknown}
 z - a scroll of noise {unknown}
 G - 3 scrolls of identify {unknown}
Potions
 o - 2 potions of flight
 t - a potion of brilliance
Books
 H - a Young Poisoner's Handbook

   Spells                             Type                      Level
   a - Sting                          Conjuration/Poison           1
   b - Cure Poison                    Poison                       2
   c - Mephitic Cloud                 Conjuration/Poison/Air       3
   d - Olgreb's Toxic Radiance        Poison                       4
   e - Venom Bolt                     Conjuration/Poison           5
Comestibles
 f - 4 bread rations
 h - 3 beef jerkies
 i - 2 meat rations


   Skills:
 + Level 13.4 Fighting
   Level 1.3(5.1) Axes
 + Level 13.0(13.1) Maces & Flails
 - Level 2.6 Dodging
 - Level 1.0 Stealth
 - Level 1.0 Evocations


You had 9 spell levels left.
You didn't know any spells.

Dungeon Overview and Level Annotations

Branches:
Dungeon (8/15)             Temple (1/1) D:6
   Lair: D:8-11

Altars:
Ashenzari
Elyvilon
Fedhas
Gozag
Pakellas
Ru
Trog
Xom

Annotations:
D:3 Grinder, Robin


Innate Abilities, Weirdness & Mutations

You are too large for most types of armour.
You have tough skin (AC +1).
You are hated by all.


Message History

You thump the killer bee!
You feel better.
You kill the killer bee!
Your Maces & Flails skill increases to level 13!
* * * LOW HITPOINT WARNING * * *
You feel sick.
* * * LOW HITPOINT WARNING * * *
You feel sick.
There is a lethal amount of poison in your body!
There is a lethal amount of poison in your body!
Drink which item? (? for menu, Esc to quit)
Okay, then.
* * * LOW HITPOINT WARNING * * *
You feel sick.
* * * LOW HITPOINT WARNING * * *
You feel sick.
* * * LOW HITPOINT WARNING * * *
You feel sick.
* * * LOW HITPOINT WARNING * * *
You feel sick.
You die...

#########
..........#
..........# ##
.........########.
........##.......
##..####...######
#...#...### #
####....### ####
##@.....#### #...
##..##)#.†..### .##
#............... #.
######.####.###.....
#..# #.# #..###
##..##.# #. ##.##...
...... #### .......
#...


There were no monsters in sight!

Vanquished Creatures
  Erica (D:8)
  Pikel (D:4)
  The ghost of mora the Nimble, a novice SpAs of Okawaru (D:7)
  Psyche (D:8)
  Maurice (D:8)
  Sigmund (D:3)
  A black bear (D:7)
  A phantom (D:8)
  A sky beast (D:4)
  A centaur (D:5)
  A gnoll sergeant (D:7)
  5 giant frogs
  A wyvern zombie (D:8)
  2 iguanas
  A scorpion (D:5)
  A water moccasin zombie (D:5)
  3 wights (D:7)
  4 killer bees
  A jelly (D:5)
  3 crimson imps
  A quasit (D:8)
  2 giant frog zombies (D:5)
  2 hounds (D:7)
  A centaur zombie (D:6)
  3 orc wizards
  A centaur skeleton (D:5)
  An orc priest (D:4)
  Crazy Yiuf (D:6)
  6 worker ants
  A hound zombie (D:7)
  4 gnolls (D:7)
  5 adders
  A shadow imp (D:7)
  2 oozes (D:1)
  An adder skeleton (D:4)
  An adder zombie (D:7)
  3 worms
  23 orcs
  5 bats (D:2)
  4 giant cockroaches
  15 goblins
  6 hobgoblins
  8 jackals
  4 quokkas
  6 giant geckos
  A giant gecko zombie (D:7)
  3 giant newts
  8 kobolds
  9 rats
160 creatures vanquished.

Vanquished Creatures (others)
  2 slaves (D:4)
  5 fungi (D:4)
7 creatures vanquished.

Grand Total: 167 creatures vanquished

Notes
Turn   | Place    | Note
--------------------------------------------------------------
     0 | D:1      | Arkorax the Ogre Wanderer began the quest for the Orb.
     0 | D:1      | Arkorax set off with: a +0 robe, 2 throwing nets, a +0 robe, a wand of random effects (15), a +0 club, a bread ration
     0 | D:1      | Reached XP level 1. HP: 22/22 MP: 1/1
    78 | D:1      | Reached skill level 3 in Fighting
    78 | D:1      | Reached skill level 1 in Maces & Flails
   196 | D:1      | Reached XP level 2. HP: 22/31 MP: 2/2
  1061 | D:1      | Reached XP level 3. HP: 34/39 MP: 3/3
  1227 | D:1      | You fall through a shaft!
  1375 | D:2      | Reached skill level 4 in Fighting
  1399 | D:2      | HP: 1/39 [jackal (2)]
  2569 | D:3      | Reached XP level 4. HP: 33/49 MP: 4/4
  2712 | D:3      | Noticed Sigmund
  3486 | D:3      | Killed Sigmund
  3486 | D:3      | Reached skill level 6 in Fighting
  3486 | D:3      | Reached XP level 5. HP: 30/59 MP: 5/5
  3729 | D:3      | Reached skill level 5 in Maces & Flails
  3729 | D:3      | Reached XP level 6. HP: 24/68 MP: 6/6
  4016 | D:3      | Noticed Robin
  4342 | D:3      | Noticed Grinder
  4363 | D:3      | Paralysed by Grinder for 6 turns
  4961 | D:4      | Noticed Pikel
  4993 | D:4      | Killed Pikel
  4993 | D:4      | Reached skill level 8 in Fighting
  4993 | D:4      | Reached XP level 7. HP: 74/81 MP: 7/7
  5131 | D:4      | Reached XP level 8. HP: 76/89 MP: 8/8
  5563 | D:4      | Reached skill level 9 in Fighting
  5730 | D:5      | Entered Level 5 of the Dungeon
  6612 | D:5      | Reached skill level 10 in Fighting
  7360 | D:6      | Noticed Crazy Yiuf
  7372 | D:6      | Killed Crazy Yiuf
  7507 | D:6      | Found a staircase to the Ecumenical Temple.
  7597 | Temple   | Entered the Ecumenical Temple
  7747 | Temple   | Became a worshipper of Ru the Awakened
  8205 | D:6      | Reached XP level 9. HP: 94/102 MP: 9/9
  8356 | D:7      | Reached skill level 10 in Maces & Flails
  8439 | D:7      | Noticed mora's ghost (novice SpAs)
  8453 | D:7      | Killed mora's ghost
  8453 | D:7      | Reached skill level 11 in Fighting
  8669 | D:7      | Gained mutation: You are hated by all. [Ru sacrifice]
  8669 | D:7      | Reached * piety under Ru
  9620 | D:8      | Reached skill level 12 in Fighting
  9895 | D:8      | Noticed Maurice
  9922 | D:8      | HP: 5/160 [something (5)]
  9923 | D:8      | Killed Maurice
  9923 | D:8      | Reached XP level 10. HP: 5/118 MP: 10/10
 10366 | D:8      | Noticed Psyche
 10376 | D:8      | Killed Psyche
 10393 | D:8      | Noticed Erica
 10394 | D:8      | Reached skill level 13 in Fighting
 10969 | D:8      | Killed Erica
 11108 | D:8      | HP: 4/119 [poisoned by a killer bee]
 11110 | D:8      | HP: 1/119 [poisoned by a killer bee]
 11111 | D:8      | Succumbed to a killer bee's poison

Vault maps used:
D:1:      lightli_arrival_isolated_outpost, solitary_fountain
D:2:      serial_glass, glass_columns_a, glass_columns_b, glass_columns_a,
          glass_columns_c, glass_columns_a
D:3:      uniq_robin, uniq_sigmund, uniq_grinder
D:4:      minmay_gold_behind_fungi, uniq_pikel
D:5:      corexii_shack_village, first_bread
D:6:      temple_green, uniq_crazy_yiuf_cottage
D:8:      david_nohive_1, grunt_ministairs_14, uniq_psyche, uniq_maurice,
          uniq_erica
Temple:   circular_temple_pool_8

Action                   |  1- 3 |  4- 6 |  7- 9 | 10-12 || total
-------------------------+-------+-------+-------+-------++-------
Melee: Club              |   228 |    29 |       |       ||   257
       Whip              |       |    31 |   230 |       ||   261
       Flail             |       |    63 |       |       ||    63
       Quarterstaff      |       |       |   160 |    38 ||   198
 Fire: Blowgun           |       |    12 |       |       ||    12
Invok: Sacrifice Love    |       |       |     1 |       ||     1
Evoke: Wand              |       |       |       |     1 ||     1
  Use: Potion            |     4 |     1 |     7 |     2 ||    14
 Stab: Sleeping          |     3 |     3 |     7 |       ||    13
       Distracted        |       |       |     1 |       ||     1
       Paralysed         |       |       |     7 |       ||     7
       Invisible         |       |       |       |     3 ||     3
  Eat: Chunk             |     6 |     3 |     2 |       ||    11
       Bread ration      |       |     1 |     3 |       ||     4
       Meat ration       |       |       |       |     1 ||     1
